 Dungeon Crawl Stone Soup version 0.18.1-47-g9310371 (webtiles) character file.

883 Gagarin the Shield-Bearer (level 7, -7/63 HPs)
             Began as a Deep Dwarf Fighter on June 15, 2016.
             Was a Priest of Pakellas.
             Mangled by a large abomination (29 damage)
             ... on level 1 of the Abyss.
             The game lasted 00:22:40 (4824 turns).

Gagarin the Shield-Bearer (Deep Dwarf Fighter)      Turns: 4824, Time: 00:22:41

Health: -7/63      AC: 12    Str: 20 (22) XL:     7   Next: 76%
Magic:  1/7        EV:  9    Int:  8      God:    Pakellas [***...]
Gold:   198        SH: 10    Dex:  8      Spells: 0 memorised, 6 levels left

rFire  . . .     SeeInvis +     a - +0 flail
rCold  . . .     Gourm    .     b - +1 scale mail
rNeg   . . .     Faith    .     c - +0 shield
rPois  .         Spirit   .     o - +0 helmet
rElec  .         Dismiss  .     l - +0 cloak
rCorr  .         Reflect  .     k - +2 pair of gloves
SustAt .         Harm     .     C - +0 pair of boots
MR     ++...                    P - amulet of rage
Stlth  ..........               v - ring of see invisible
                                h - ring of protection from magic

@: very slightly contaminated, non-regenerating, badly diseased, very resistant
to hostile enchantments, extremely unstealthy
A: damage resistance, recharge devices, clumsy 2, deformed body, deterioration
2, sense surroundings 1, slow regeneration 3, subdued magic 2, MP-powered wands
a: Device Recharging, Quick Charge, Device Surge, Renounce Religion, Evoke
Berserk Rage


You were on level 1 of the Abyss.
You worshipped Pakellas.
Pakellas was most pleased with you.
You were not hungry.

You visited 1 branch of the dungeon, and saw 6 of its levels.
You visited the Abyss 1 time.
You also visited: Sewer.

You collected 198 gold pieces.

Inventory:

Hand Weapons
 a - a +0 flail (weapon)
 E - a +0 mace
Missiles
 R - a throwing net (quivered)
Armour
 b - a +1 scale mail (worn)
 c - a +0 shield (worn)
 k - a +2 pair of gloves (worn)
 l - a +0 cloak (worn)
 o - a +0 helmet (worn)
 C - a +0 pair of boots (worn)
 G - a +0 ring mail of positive energy
Jewellery
 h - a ring of protection from magic (left hand)
 v - a ring of see invisible (right hand)
 w - an uncursed ring of protection from cold {unknown}
 P - an amulet of rage (around neck)
 S - an uncursed ring of poison resistance {unknown}
Wands
 e - a wand of heal wounds (4/9)
 F - a wand of confusion (8/48)
 T - a wand of paralysis (10/24)
 W - a wand of random effects (30/48)
Scrolls
 g - a scroll of amnesia
 j - 2 scrolls of noise
 n - 4 scrolls of remove curse
 q - 6 scrolls of identify
 D - 4 scrolls of recharging
 L - a scroll of fog
 N - a scroll of teleportation {unknown}
 O - a scroll of fear {unknown}
 Q - a scroll of random uselessness {unknown}
 U - a scroll of magic mapping {unknown}
Potions
 d - 3 potions of might
 i - 3 potions of haste {unknown}
 m - a potion of lignification {unknown}
 p - 2 potions of berserk rage {unknown}
 r - 3 potions of flight
 s - a potion of agility {unknown}
 t - a potion of invisibility {unknown}
 u - 4 potions of curing {unknown}
 x - 3 potions of heal wounds
 B - a potion of degeneration {unknown}
 H - 2 potions of magic {unknown}
 I - a potion of brilliance {unknown}
 J - a potion of cancellation {unknown}
Miscellaneous
 K - a box of beasts {used: 1}
Comestibles
 f - 3 bread rations
 z - a meat ration
 A - a slice of pizza


   Skills:
 + Level 3.9 Fighting
 + Level 4.0 Maces & Flails
 + Level 5.2 Armour
 + Level 4.1 Dodging
 - Level 1.8 Stealth
 + Level 5.9 Shields
 + Level 1.1 Evocations


You had 6 spell levels left.
You didn't know any spells.

Dungeon Overview and Level Annotations

Branches:
Dungeon (6/15)
 Temple: D:4-7

Altars:
Ashenzari
Dithmenos
Okawaru
Pakellas
Qazlal


Innate Abilities, Weirdness & Mutations

You are resistant to damage.
You can recharge devices by infusing magical energy.
You passively map a small area around you.
You do not regenerate naturally.
[You are very clumsy. (Dex -4)]
[Armour fits poorly on your strangely shaped body.]
[Your body often deteriorates upon taking damage.]
[Your spells are easier to cast, but less powerful.]
[You expend magic power (3 MP) to strengthen your wands.]


Message History

Your +0 scale mail glows green for a moment.
The ancient zyme barely misses you. You block the ancient zyme's attack.
You feel ill.
The large abomination hits you but does no damage.
Read which item? (? for menu, Esc to quit)
Blink to where?
Press: ? - help, Dir - move target cursor, p - large abomination You can't see that place. [the floor.] Sorry, you can't target what you can't see.
Are you sure you want to cancel this blink?
Blink to where?
Press: ? - help, Dir - move target cursor You are very lightly contaminated with residual magic.
As you read the scroll labeled GIAMUBEKLO, it crumbles to dust.
It was a scroll of blinking.
The large abomination hits you.
You block the large abomination's attack.
The large abomination hits you!!
You die...
Pakellas says: Time to start the next experiment...

##. #. .
.#.#
#....##.
..##.S5.##
#. ###*#.#
#.## #*# #
#..###x#
#..§X##
... #§###
## #§§X@#
..####.#
##. .# .
#. #. #. #
.. .. ...


You could see a large abomination.

Vanquished Creatures
  A sky beast (D:5)
  2 phantoms (D:4)
  A giant frog (Sewer)
  A crimson imp (D:5)
  A giant frog skeleton (D:5)
  A jelly (D:5)
  2 orc priests
  2 worker ants
  2 worker ant zombies
  9 adders
  6 river rats (Sewer)
  A shadow imp (D:4)
  3 oozes
  3 worms
  A dart slug (D:1)
  A giant gecko (D:1)
  6 orcs
  8 ball pythons (Sewer)
  15 bats
  7 giant cockroaches
  3 goblins
  9 hobgoblins
  4 jackals (D:4)
  6 quokkas
  A giant gecko skeleton (D:5)
  6 giant newts
  6 kobolds
  23 rats
131 creatures vanquished.

Vanquished Creatures (collateral kills)
  A giant frog (Sewer)
  3 adders (Sewer)
  An ooze (Sewer)
  3 ball pythons (Sewer)
  A giant newt (Sewer)
9 creatures vanquished.

Grand Total: 140 creatures vanquished

Notes
Turn   | Place    | Note
--------------------------------------------------------------
     0 | D:1      | Gagarin the Deep Dwarf Fighter began the quest for the Orb.
     0 | D:1      | Reached XP level 1. HP: 20/20 MP: 1/1
   140 | D:1      | Reached XP level 2. HP: 27/27 MP: 2/2
   733 | D:1      | Reached XP level 3. HP: 28/33 MP: 3/3
  1251 | D:2      | Reached skill level 1 in Dodging
  1263 | D:2      | Reached XP level 4. HP: 31/40 MP: 4/4
  1612 | D:2      | Found a stormy altar of Qazlal.
  1659 | D:2      | Found an oddly glowing altar of Pakellas.
  1667 | D:2      | Became a worshipper of Pakellas the Inventive
  2337 | D:4      | Found a shadowy altar of Dithmenos.
  2412 | D:4      | Found an iron altar of Okawaru.
  2429 | D:4      | Reached * piety under Pakellas
  2429 | D:4      | Received a gift from Pakellas
  2457 | D:4      | Reached XP level 5. HP: 45/49 MP: 5/5
  2755 | D:4      | Found a glowing drain.
  2770 | Sewer    | Entered a sewer
  3095 | Sewer    | Reached ** piety under Pakellas
  3095 | Sewer    | Received a gift from Pakellas
  3258 | Sewer    | Reached XP level 6. HP: 48/56 MP: 6/6
  3269 | Sewer    | Reached skill level 5 in Shields
  3428 | D:4      | Reached XP level 7. HP: 28/62 MP: 7/7
  4018 | D:5      | Entered Level 5 of the Dungeon
  4107 | D:5      | Reached skill level 5 in Armour
  4107 | D:5      | Reached skill level 1 in Stealth
  4112 | D:5      | Reached *** piety under Pakellas
  4112 | D:5      | Received a gift from Pakellas
  4115 | D:5      | Found a shattered altar of Ashenzari.
  4450 | D:5      | Reached skill level 1 in Evocations
  4681 | D:6      | Cast into level 1 of the Abyss (orc)
  4693 | Abyss:1  | Noticed a large abomination
  4718 | Abyss:1  | Found a deep blue altar of Sif Muna.
  4766 | Abyss:1  | Noticed a wretched star
  4784 | Abyss:1  | Noticed a neqoxec
  4788 | Abyss:1  | Noticed an ancient zyme
  4795 | Abyss:1  | Noticed a smoke demon
  4807 | Abyss:1  | Noticed a large abomination
  4808 | Abyss:1  | Noticed a spatial vortex
  4817 | Abyss:1  | Noticed a guardian serpent
  4824 | Abyss:1  | Mangled by a large abomination

Skill      XL: |  1  2  3  4  5  6  7 |
---------------+----------------------+-----
Armour         | 4 5 |  5.2
Shields        | 4 5 |  5.9
Dodging        | 1 2 3 4 |  4.1
Fighting       | 3 |  3.9
Maces & Flails | 3 4 |  4.0
Stealth        | 1 |  1.8
Evocations     | 1 |  1.1

Action                   |  1- 3 |  4- 6 |  7- 9 || total
-------------------------+-------+-------+-------++-------
Melee: Flail             |   111 |   361 |   146 ||   618
Invok: Quick Charge      |       |       |     1 ||     1
Evoke: Wand              |       |     5 |    28 ||    33
       Box of beasts     |       |     1 |       ||     1
  Use: Scroll            |       |     2 |     7 ||     9
       Potion            |       |       |     5 ||     5
 Stab: Paralysed         |       |       |     8 ||     8
       Confused          |       |       |     3 ||     3
  Eat: Chunk             |     1 |     8 |     5 ||    14
Armor: Scale mail        |    81 |   255 |    72 ||   408
Dodge: Dodged            |    59 |   165 |    95 ||   319
Block: Shield            |    88 |   268 |    91 ||   447
